 Dungeon Crawl Stone Soup version 0.28-a0-384-g9e0c098162 (webtiles) character file.

Game seed: 2014977161624383437

104496 Tinkle the Severer (level 15, -11/141 HPs)
             Began as a Minotaur Berserker on Sept 1, 2021.
             Was the Champion of Trog.
             Hit by a javelin thrown by a merfolk javelineer (15 damage)
             ... on level 1 of the Shoals on Sept 3, 2021.
             The game lasted 03:21:52 (32176 turns).

Tinkle the Severer (Minotaur Berserker)            Turns: 32176, Time: 03:21:52

Health: -11/141    AC: 22    Str: 29    XL:     15   Next: 92%
Magic:  14/14      EV: 11    Int:  6    God:    Trog [******]
Gold:   1152       SH: 11    Dex: 12    Spells: 14/14 levels left

rFire   . . .      SeeInvis +   k - +14 obsidian axe {vorpal, Mesm Drain Fly SInv}
rCold   + + +      Faith    .   v - +0 buckler
rNeg    . . .      Spirit   .   F - +2 plate armour {rC+}
rPois   .          Reflect  +   (helmet restricted)
rElec   .          Harm     .   B - +0 cloak
rCorr   +          Rampage  .   D - +0 pair of gloves of the Mind {rC++ Str+3 Int+2}
Will    ++...                   (no boots)
Stlth   ..........              K - amulet "Higeej" {Reflect rCorr Int-2 Slay+3 SH+5}
HPRegen 1.33/turn               X - ring of willpower
MPRegen 0.14/turn               R - +4 ring of slaying

@: lit by a corona, flying, mesmerised, glowing, studying Throwing
A: horns 2, retaliatory headbutt, agile 1, regeneration 1, MP-powered wands
a: Renounce Religion, Berserk, Trog's Hand, Brothers in Arms


You were on level 1 of the Shoals.
You worshipped Trog.
Trog was exalted by your worship.
You visited 4 branches of the dungeon, and saw 24 of its levels.
You also visited: Bailey.

You collected 2590 gold pieces.
You spent 1438 gold pieces at shops.

Inventory:

Hand Weapons
 a - a +5 vampiric broad axe
 b - the +4 mace of Eloxinn {speed, *Slow rElec Will++ Str-3}
   (You found it on level 6 of the Lair of Beasts)

   Attacks with this weapon are significantly faster.
   Str:       It affects your strength (-3).
   rElec:     It insulates you from electricity.
   *Slow:     It may slow you when you take damage.
   Will:      It greatly increases your willpower.
 c - the +4 mace of Youthful Indiscretion {vorpal, Will+ rCorr}
   (You found it on level 7 of the Dungeon)

   It inflicts extra damage upon your enemies.
   rCorr:     It protects you from acid and corrosion.
   Will:      It increases your willpower.
 k - the +14 obsidian axe (weapon) {vorpal, Mesm Drain Fly SInv}
   (Trog gifted it to you on level 14 of the Dungeon)

   It inflicts extra damage upon your enemies.
   It occasionally summons demons to assist the wielder when it strikes in
   combat.
   Its wielder is mesmerised by any visible foes.
   It cannot be unequipped while any foes are visible.
   SInv:      It lets you see invisible.
   Fly:       It grants you flight.
   Drain:     It drains your maximum health when unequipped.
 I - the +2 glaive of Magnificence {vamp, rElec rC+ SInv}
   (You found it on level 13 of the Dungeon)

   It occasionally heals its wielder for a portion of the damage dealt when it
   wounds a living foe.
   rC:        It protects you from cold.
   rElec:     It insulates you from electricity.
   SInv:      It lets you see invisible.
Missiles
 h - 2 throwing nets
 m - 39 poisoned darts (quivered)
 t - 5 curare-tipped darts
Armour
 v - a +0 buckler (worn)
 B - a +0 cloak (worn)
 D - the +0 pair of gloves of the Mind (worn) {rC++ Str+3 Int+2}
   (You bought it in a shop on level 2 of the Orcish Mines)

   Str:       It affects your strength (+3).
   Int:       It affects your intelligence (+2).
   rC:        It greatly protects you from cold.
 F - a +2 plate armour of cold resistance (worn)
 Z - a +0 tower shield
Jewellery
 j - an amulet of faith
 l - the ring of the Camelopard {*Slow +Blink Fly rN++ Int+2}
   (You bought it in a shop on level 2 of the Orcish Mines)

   [ring of flight]

   Int:       It affects your intelligence (+2).
   rN:        It greatly protects you from negative energy.
   Fly:       It grants you flight.
   +Blink:    It lets you blink.
   *Slow:     It may slow you when you take damage.
 p - a ring of protection from fire
 s - a ring of willpower
 u - a ring of flight
 E - an amulet of the acrobat
 K - the amulet "Higeej" (around neck) {Reflect rCorr Int-2 Slay+3 SH+5}
   (You acquired it on level 2 of the Lair of Beasts)

   [amulet of reflection]

   It reflects blocked missile attacks.
   Int:       It affects your intelligence (-2).
   Slay:      It affects your accuracy & damage with ranged weapons and melee
   (+3).
   rCorr:     It protects you from acid and corrosion.
   SH:        It affects your SH (+5).
 O - an amulet of guardian spirit
 R - a +4 ring of slaying (right hand)
 V - a ring of positive energy
 X - a ring of willpower (left hand)
Wands
 d - a wand of flame (40)
 o - a wand of paralysis (13)
 q - a wand of mindburst (38)
 M - a wand of digging (11)
 P - a wand of iceblast (17)
 S - a wand of acid (5)
Scrolls
 e - a scroll of magic mapping
 i - 6 scrolls of enchant armour
 y - a scroll of fear
 G - a scroll of blinking
 H - a scroll of fog
 L - 5 scrolls of teleportation
 N - 2 scrolls of silence
 T - a scroll of summoning
Potions
 g - a potion of invisibility
 n - 4 potions of ambrosia
 r - 7 potions of curing
 w - a potion of lignification
 x - 5 potions of might
 z - 3 potions of berserk rage
 A - 3 potions of haste
 Q - a potion of resistance
 W - a potion of cancellation
Miscellaneous
 Y - a phial of floods


   Skills:
 - Level 15.0 Fighting
 - Level 18.0 Axes
 - Level 10.0 Throwing
 - Level 15.0 Armour
 - Level 7.0 Dodging
 + Level 10.5 Shields
 - Level 10.0 Evocations


You had 14 spell levels left.
You didn't know any spells.
Your spell library was empty.

Dungeon Overview and Level Annotations

Branches:
Dungeon (15/15)            Temple (0/1) D:7            Lair (6/6) D:11
 Shoals (1/4) Lair:2        Snake (0/4) Lair:4        Slime (0/5) Lair:6
    Orc (2/2) D:10            Elf (0/3) Orc:2        Vaults (0/5) D:13
 Depths (0/5) D:15         Bailey (visited)

Altars:
Ashenzari
Elyvilon
Fedhas
Gozag
Nemelex Xobeh
Qazlal
Sif Muna
Trog
Vehumet
Wu Jian
Xom
Yredelemnul
Zin
Beogh
Jiyva

Shops:
D:1 (   D:6 [   Orc:2 :=[!

Annotations:
D:11 3 runed translucent doors


Innate Abilities, Weirdness & Mutations

You have a pair of horns on your head.
You reflexively headbutt those who attack you in melee.
You are agile. (Dex +2)
Your natural rate of healing is unusually fast.
You expend magic power (3 MP) to strengthen your wands.


Message History

You assume a fearsome visage.
The merfolk looks frightened!
The merfolk javelineer looks frightened!
The merfolk aquamancer looks frightened!
The merfolk impaler looks frightened!
The plant is unaffected.
The merfolk aquamancer casts a spell.
The merfolk aquamancer blinks!
You are confused.
You feel invigorated.
Your confusion fades away as the thirst for blood takes over your mind.
You feel less invigorated.
Visions of slaying the merfolk javelineer flood into your mind.
The merfolk impaler starts to cry.
You see here 2 poisoned darts.
The merfolk javelineer seems to regain its courage.
The merfolk javelineer throws a javelin.
The javelin pierces through you.
* * * LOW HITPOINT WARNING * * *
There is a stone staircase leading down, spattered with blood here.
You cannot move away from the merfolk javelineer!
You cannot move away from the merfolk javelineer!
You cannot move away from the merfolk javelineer!
Okay, then.
As you read the scroll of fog, it crumbles to dust.
The scroll dissolves into smoke.
The merfolk seems to regain its courage.
You cannot move away from the merfolk javelineer!
You cannot move away from the merfolk javelineer!
The merfolk javelineer throws a javelin.
The javelin misses you.
You slash the merfolk javelineer!
Your headbutt misses the merfolk javelineer.
The merfolk javelineer is moderately wounded.
The merfolk javelineer throws a javelin.
The javelin pierces through you!!
* * * LOW HITPOINT WARNING * * *
You miss the merfolk javelineer.
The merfolk javelineer is moderately wounded.
The merfolk javelineer throws a javelin.
The javelin pierces through you!
You die...

#≈≈≈ .≈ #≈≈≈≈### ≈#.P
#≈≈≈≈#≈≈#≈≈PP≈≈P≈
≈≈≈≈#≈≈#≈≈P.PP≈≈
#≈≈#≈##≈≈..PP≈≈
#≈≈≈≈≈≈≈≈.≈P≈P≈ ≈≈
#≈≈≈m≈≈≈≈≈≈≈≈≈≈
#≈≈####≈§§@§..≈≈≈≈≈≈≈
≈≈≈≈≈≈≈≈≈§§§§..≈≈≈≈≈≈≈
.≈≈≈≈≈≈≈≈§§§§m<.P≈P≈≈≈
≈≈≈≈≈≈≈≈≈§§§....≈≈≈≈≈≈
≈≈≈≈≈≈≈≈≈..†....≈≈≈≈≈≈
≈≈≈m≈≈≈≈(.....)≈≈≈≈≈≈≈
≈≈≈≈≈.........≈≈≈≈≈≈≈≈
≈≈≈≈..).....≈≈≈≈≈≈≈≈≈≈
≈≈≈≈≈.).)...≈≈≈≈≈≈≈≈≈≈


You could see a merfolk javelineer (mesmerising, poisoned) and a merfolk.

Vanquished Creatures
  Rupert (D:11)
  An orc warlord (Orc:2)
  The ghost of Devyomi the Protected, a journeyman GrBe of Trog (Lair:5)
  An ettin (Orc:1)
  A merfolk impaler (Shoals:1)
  5 slime creatures
  Fannar (Orc:1)
  A great orb of eyes (D:13)
  4 vault guards (D:13)
  Erolcha (Orc:1)
  14 hydras
  2 boulder beetles (D:13)
  An ice dragon (Lair:6)
  3 centaur warriors
  2 catoblepae
  Erica (Orc:1)
  2 two-headed ogres (D:10)
  4 death yaks
  Urug (D:12)
  Sonja (D:12)
  2 sea snakes (Shoals:1)
  2 lindwurms (Lair:6)
  A wizard (D:15)
  A harpy (shapeshifter) (D:13)
  11 ugly things
  3 orc knights (Orc:2)
  6 deep elf pyromancers
  5 oklob plants
  A necromancer (D:15)
  2 fauns (Shoals:1)
  2 orc sorcerers (D:15)
  7 cyclopes
  5 elephants (Lair:5)
  3 black mambas
  A guardian serpent (Lair:4)
  5 torpor snails (Lair:6)
  Maurice (D:13)
  A merfolk siren (Shoals:1)
  An unseen horror (D:12)
  19 cane toads
  A gargoyle (D:11)
  2 kobold demonologists
  A rime drake (Lair:2)
  3 tengu conjurers
  8 komodo dragons
  A yaktaur (D:15)
  An efreet (D:13)
  A redback zombie (D:15)
  3 meliai (D:13)
  3 trolls
  A queen bee (D:13)
  A hornet (shapeshifter) (D:12)
  9 polar bears (Lair:6)
  3 tyrant leeches (Lair:6)
  Prince Ribbit (D:5)
  7 hornets (Lair:6)
  3 blink frogs (Lair:6)
  The ghost of Phlounder the Magician, an amateur DsTm of Kikubaaqudgha (D:5)
  Grinder (D:5)
  5 dream sheep (Lair:3)
  2 raiju (Lair:6)
  Sigmund (D:4)
  A vampire (D:12)
  A shadow (D:10)
  A centaur simulacrum (D:15)
  Eustachio (D:5)
  A basilisk (shapeshifter) (D:13)
  27 yaks
  7 humans (D:13)
  2 steam dragons
  6 wyverns
  A basilisk (Lair:3)
  A hog (shapeshifter) (D:14)
  5 wargs
  7 vampire mosquitoes
  An acid dragon (D:13)
  15 hell hounds
  Duvessa (D:5)
  2 sky beasts
  17 water moccasins
  A swamp drake (Lair:6)
  53 orc warriors
  3 necrophages
  13 black bears
  7 ogres
  22 wolves
  14 centaurs
  5 kobold brigands
  7 gnoll sergeants
  13 bullfrogs
  4 scorpions
  A water moccasin zombie (D:6)
  Dowan (D:5)
  16 killer bees (D:13)
  8 wights
  A howler monkey (D:9)
  An electric eel (Lair:3)
  2 bullfrog zombies (D:5)
  4 centaur skeletons
  3 centaur zombies
  A hound (D:4)
  4 jellies
  26 orc priests
  A bullfrog skeleton (D:6)
  Crazy Yiuf (D:7)
  4 iguanas
  14 orc wizards
  3 gnolls
  10 adders
  A shadow imp (D:7)
  A white imp (D:6)
  An ufetubus (D:6)
  An adder skeleton (D:5)
  3 worms
  A dart slug (D:2)
  82 orcs
  12 endoplasms
  5 giant cockroaches
  17 goblins
  8 hobgoblins
  2 jackals (D:3)
  33 kobolds
  4 quokkas
  5 ball pythons
  7 bats
  5 frilled lizards
  7 rats
721 creatures vanquished.

Vanquished Creatures (collateral kills)
  2 hydras
  A boulder beetle (D:15)
  An ugly thing (D:15)
  2 slime creatures (D:15)
  2 yaktaurs (D:15)
  A tengu conjurer (D:14)
9 creatures vanquished.

Vanquished Creatures (others)
  A human (D:13)
  An orc (Orc:1)
  61 fungi
  118 plants
181 creatures vanquished.

Grand Total: 911 creatures vanquished

Notes
Turn   | Place    | Note
-------+----------+-------------------------------------------
     0 | D:1      | Tinkle the Minotaur Berserker began the quest for the Orb.
     0 | D:1      | Reached XP level 1. HP: 19/19 MP: 0/0
   388 | D:1      | Reached skill level 4 in Axes
   409 | D:1      | Reached XP level 2. HP: 23/27 MP: 1/1
   702 | D:1      | Reached ** piety under Trog
   852 | D:1      | Found Naegrid's Weapon Emporium.
   866 | D:1      | Reached XP level 3. HP: 33/33 MP: 2/2
  1311 | D:2      | Reached skill level 5 in Axes
  1649 | D:2      | Reached XP level 4. HP: 41/41 MP: 3/3
  1718 | D:2      | Noticed a shining eye
  1720 | D:2      | Found a faded altar of an unknown god.
  1722 | D:2      | Noticed a shining eye
  1722 | D:2      | Noticed a golden eye
  1722 | D:2      | Noticed a golden eye
  2279 | D:3      | Reached *** piety under Trog
  2581 | D:3      | Noticed a scorpion
  2587 | D:3      | Killed a scorpion
  2588 | D:3      | Reached skill level 5 in Fighting
  2588 | D:3      | Reached skill level 6 in Axes
  2588 | D:3      | Reached XP level 5. HP: 44/48 MP: 4/4
  2869 | D:3      | Found a radiant altar of Vehumet.
  3477 | D:4      | Noticed Sigmund
  3497 | D:4      | Killed Sigmund
  3498 | D:4      | Reached skill level 8 in Axes
  3498 | D:4      | Reached XP level 6. HP: 46/56 MP: 5/5
  3700 | D:4      | Found a glowing silver altar of Zin.
  3900 | D:4      | Reached skill level 1 in Throwing
  4392 | D:4      | Identified a scroll of acquirement
  4392 | D:4      | Acquired a manual of Throwing
  4459 | D:5      | Entered Level 5 of the Dungeon
  4465 | D:5      | Reached XP level 7. HP: 55/61 MP: 6/6
  4503 | D:5      | Reached skill level 9 in Axes
  4572 | D:5      | Noticed Eustachio
  4585 | D:5      | Killed Eustachio
  4720 | D:5      | Noticed Prince Ribbit
  4737 | D:5      | Gained mutation: You are agile. (Dex +2) [potion of
                  | mutation]
  4737 | D:5      | Gained mutation: You expend magic power (3 MP) to
                  | strengthen your wands. [potion of mutation]
  4737 | D:5      | Gained mutation: Your natural rate of healing is unusually
                  | fast. [potion of mutation]
  4741 | D:5      | HP: 4/91 [Prince Ribbit (10)]
  4744 | D:5      | Killed Prince Ribbit
  4745 | D:5      | Reached skill level 10 in Axes
  4745 | D:5      | Reached XP level 8. HP: 4/68 MP: 7/7
  5013 | D:5      | Noticed Dowan
  5013 | D:5      | Noticed Duvessa
  5047 | D:5      | Killed Dowan
  5110 | D:5      | Reached skill level 5 in Throwing
  5278 | D:5      | Found a runed translucent door.
  5382 | D:5      | Noticed Grinder
  5417 | D:6      | Reached skill level 11 in Axes
  5607 | D:5      | Reached **** piety under Trog
  5636 | D:5      | Killed Duvessa
  5951 | D:5      | Noticed Phlounder's ghost (amateur DsTm)
  5957 | D:5      | Paralysed by Grinder for 5 turns
  5959 | D:5      | Killed Grinder
  5960 | D:5      | Reached skill level 12 in Axes
  5988 | D:5      | Killed Phlounder's ghost
  6348 | D:6      | Reached XP level 9. HP: 69/74 MP: 8/8
  6566 | D:6      | Reached skill level 13 in Axes
  6821 | D:6      | Found Guena's Antique Armour Shoppe.
  6923 | D:6      | Found a broken altar of Ashenzari.
  6998 | D:6      | Found a shimmering altar of Xom.
  7378 | D:7      | Identified the +4 mace of Youthful Indiscretion {vorpal,
                  | Will+ rCorr}
  7385 | D:7      | Found a runed translucent door.
  7386 | D:7      | Noticed Crazy Yiuf
  7391 | D:7      | Killed Crazy Yiuf
  7392 | D:7      | Reached skill level 14 in Axes
  7430 | D:7      | Found a staircase to the Ecumenical Temple.
  7846 | D:7      | Reached skill level 5 in Armour
  8265 | D:8      | Reached skill level 1 in Evocations
  8340 | D:8      | Found a blossoming altar of Fedhas.
  8694 | D:8      | Reached XP level 10. HP: 83/86 MP: 9/9
 10144 | D:9      | Found a basalt altar of Yredelemnul.
 10198 | D:9      | Found an ornate altar of the Wu Jian Council.
 10533 | D:9      | Found a white marble altar of Elyvilon.
 10664 | D:9      | Reached skill level 1 in Shields
 10683 | D:9      | Reached ***** piety under Trog
 11022 | D:10     | Entered Level 10 of the Dungeon
 11035 | D:10     | Found a stormy altar of Qazlal.
 11080 | D:10     | Reached skill level 5 in Evocations
 11333 | D:10     | Noticed a two-headed ogre
 11348 | D:10     | Killed a two-headed ogre
 11384 | D:10     | Found a bloodstained altar of Trog.
 11683 | D:10     | Found a staircase to the Orcish Mines.
 11692 | D:10     | Reached XP level 11. HP: 99/99 MP: 10/10
 11729 | D:10     | Reached skill level 10 in Fighting
 12224 | D:10     | Found a sparkling altar of Nemelex Xobeh.
 12224 | D:10     | Found an opulent altar of Gozag.
 12250 | D:10     | Found a shimmering blue altar of Sif Muna.
 12270 | D:10     | Noticed a two-headed ogre
 12290 | D:10     | Killed a two-headed ogre
 12611 | D:11     | Noticed a seven-headed hydra
 12619 | D:11     | Killed a seven-headed hydra
 12715 | D:11     | Reached skill level 10 in Armour
 12839 | D:11     | Received a gift from Trog
 12935 | D:11     | Found a staircase to the Lair.
 13073 | D:11     | Noticed a white ugly thing
 13097 | D:11     | Killed a white ugly thing
 13313 | D:11     | Found a runed translucent gate.
 13313 | D:11     | Found a runed translucent gate.
 13313 | D:11     | Found a runed translucent gate.
 13313 | D:11     | Noticed a green ugly thing
 13313 | D:11     | Noticed a red ugly thing
 13313 | D:11     | Noticed a glowing orange brain
 13313 | D:11     | Noticed a red ugly thing
 13316 | D:11     | Noticed a purple ugly thing
 13316 | D:11     | Noticed a green ugly thing
 13317 | D:11     | Noticed a purple very ugly thing
 13616 | Lair:1   | Entered Level 1 of the Lair of Beasts
 14273 | Lair:1   | Noticed an oklob plant
 14392 | Lair:1   | Noticed a five-headed hydra
 14403 | Lair:1   | Killed a five-headed hydra
 14404 | Lair:1   | Reached XP level 12. HP: 82/108 MP: 11/11
 15409 | Lair:1   | Reached skill level 10 in Throwing
 16041 | Lair:1   | Reached skill level 15 in Axes
 16232 | Lair:2   | Noticed a seven-headed hydra
 16246 | Lair:1   | Killed a seven-headed hydra
 16762 | Lair:2   | Found a staircase to the Shoals.
 17296 | Lair:2   | Acquired the amulet "Higeej" {Reflect rCorr Int-2 Slay+3
                  | SH+5}
 17371 | Lair:3   | Noticed a six-headed hydra
 17399 | Lair:2   | Killed a six-headed hydra
 17400 | Lair:2   | Reached skill level 16 in Axes
 17779 | Lair:3   | Noticed a five-headed hydra
 17797 | Lair:3   | Killed a five-headed hydra
 18172 | Lair:3   | Noticed a six-headed hydra
 18192 | Lair:3   | Killed a six-headed hydra
 18346 | Lair:3   | Noticed a five-headed hydra
 18360 | Lair:3   | Killed a five-headed hydra
 18361 | Lair:3   | Reached skill level 17 in Axes
 18697 | Lair:3   | Noticed a catoblepas
 18749 | Lair:3   | Killed a catoblepas
 18842 | Lair:3   | Noticed an eight-headed hydra
 18851 | Lair:3   | Killed an eight-headed hydra
 18852 | Lair:3   | Reached XP level 13. HP: 109/116 MP: 12/12
 19668 | Lair:4   | Reached skill level 18 in Axes
 19749 | Lair:4   | Found a staircase to the Snake Pit.
 19961 | Lair:4   | Received a gift from Trog
 20613 | Lair:5   | Acquired a +4 ring of slaying
 20911 | Lair:5   | Reached skill level 5 in Dodging
 21156 | Lair:5   | Found a large runed translucent door.
 21156 | Lair:5   | Found a large runed translucent door.
 21158 | Lair:5   | Noticed Devyomi's ghost (journeyman GrBe)
 21180 | Lair:5   | Killed Devyomi's ghost
 21325 | Lair:6   | Entered Level 6 of the Lair of Beasts
 21673 | Lair:6   | Identified the +8 great mace "Gieg" {vorpal, rPois rN+
                  | Str+4} (Trog gifted it to you on level 6 of the Lair of
                  | Beasts)
 21673 | Lair:6   | Received a gift from Trog
 21718 | Lair:6   | Reached XP level 14. HP: 126/126 MP: 13/13
 21721 | Lair:6   | Identified the +1 leather armour "Aneockea" {+Blink Str+3
                  | Dex-3}
 21904 | Lair:6   | Identified the +4 mace of Eloxinn {speed, *Slow rElec
                  | Will++ Str-3}
 22107 | Lair:6   | Found a runed translucent door.
 22109 | Lair:6   | Found a viscous altar of Jiyva.
 22113 | Lair:6   | Found a staircase to the Slime Pits.
 22610 | Lair:6   | Found a runed translucent door.
 22632 | Lair:6   | Reached skill level 10 in Evocations
 22927 | Lair:6   | Paralysed by a hornet for 1 turns
 23549 | Orc:1    | Entered Level 1 of the Orcish Mines
 23549 | Orc:1    | Noticed Fannar
 23555 | Orc:1    | Killed Fannar
 23579 | Orc:1    | Noticed Erolcha
 23592 | Orc:1    | Killed Erolcha
 23815 | Orc:2    | Entered Level 2 of the Orcish Mines
 23962 | Orc:2    | Received a gift from Trog
 24147 | Orc:2    | Noticed an orc warlord
 24159 | Orc:2    | Killed an orc warlord
 24528 | Orc:2    | Found a staircase to the Elven Halls.
 24736 | Orc:2    | Received a gift from Trog
 25094 | Orc:2    | Found Zanar's Antique Armour Shoppe.
 25094 | Orc:2    | Found Gera's Jewellery Shop.
 25096 | Orc:2    | Found Ynlonuc's Book Boutique.
 25098 | Orc:2    | Found Huarydan's Distillery.
 25194 | Orc:1    | Reached ****** piety under Trog
 25352 | Orc:1    | Noticed Erica
 25378 | Orc:1    | Killed Erica
 25785 | D:12     | Noticed Urug
 25790 | D:12     | Killed Urug
 26051 | D:11     | Upgraded the game from 0.28-a0-313-gbc0475efdd to
                  | 0.28-a0-381-g937acc2988
 26098 | D:12     | Noticed Rupert
 26098 | D:12     | Noticed Sonja
 26136 | D:11     | Killed Rupert
 26137 | D:11     | Reached XP level 15. HP: 96/139 MP: 14/14
 26189 | D:12     | Killed Sonja
 26409 | D:12     | Reached skill level 15 in Fighting
 26799 | D:13     | Found a radiant altar of Vehumet.
 27034 | D:13     | Upgraded the game from 0.28-a0-381-g937acc2988 to
                  | 0.28-a0-384-g9e0c098162
 27246 | D:13     | Paralysed by an efreet for 5 turns
 27280 | D:13     | Noticed Maurice
 27694 | D:13     | Identified the +2 glaive of Magnificence {vamp, rElec rC+
                  | SInv}
 27703 | D:13     | Found a gate to the Vaults.
 27855 | D:13     | Found a gate to the Vaults.
 27950 | D:13     | Killed Maurice
 28636 | D:13     | Found a radiant altar of Vehumet.
 28707 | D:13     | Found a gate to the Vaults.
 29300 | Orc:2    | Bought a pair of faintly humming gloves for 389 gold pieces
 29300 | Orc:2    | Identified the +0 pair of gloves of the Mind {rC++ Str+3
                  | Int+2} (You bought it in a shop on level 2 of the Orcish
                  | Mines)
 29631 | D:14     | Found a sparkling altar of Nemelex Xobeh.
 29661 | D:14     | Found a flagged portal.
 29671 | Bailey   | Entered a bailey
 29766 | Bailey   | Found a burning altar of Makhleb.
 30116 | D:14     | Reached skill level 5 in Shields
 30304 | D:14     | Received a gift from Trog
 30304 | D:14     | Found the +14 obsidian axe {vorpal, Mesm Drain Fly SInv}
 30342 | D:14     | Reached skill level 15 in Armour
 30691 | D:15     | Entered Level 15 of the Dungeon
 31100 | D:15     | Found a staircase to the Depths.
 31898 | Orc:2    | Bought the ring of the Camelopard {*Slow +Blink Fly rN++
                  | Int+2} for 649 gold pieces
 31898 | Orc:2    | Bought a ring of willpower for 400 gold pieces
 32125 | Shoals:1 | Entered Level 1 of the Shoals
 32136 | Shoals:1 | Reached skill level 10 in Shields
 32159 | Shoals:1 | HP: 5/141 [something/ball of steam (35)]
 32175 | Shoals:1 | HP: 3/141 [merfolk javelineer/javelin (18)]
 32176 | Shoals:1 | Hit by a javelin thrown by a merfolk javelineer

Illustrated notes

Levels and vault maps discovered:
D:1:      roderic_octagonal_star, layout_loops_ring, serial_shops,
          nicolae_shop_waterfront
D:2:      layout_rooms, hellmonk_ecumenical_altar_watching_god
D:3:      layout_loops_corners, mainiacjoe_overflow_alcove_4
D:4:      layout_basic, zin_statuary, guppyfry_early_lair_pool, uniq_sigmund
D:5:      layout_cave_pods, ebering_ghost_sewer_d, uniq_grinder, uniq_eustachio,
          uniq_prince_ribbit1, uniq_duvessa
D:6:      layout_cave_pools, marbit_many_paths, lemuel_coloured_pillars_altar,
          serial_shops, shop_statue
D:7:      layout_basic, minmay_temple_entry_grid, uniq_crazy_yiuf_cottage
D:8:      layout_loops_ring, fedhas_altar_2, hangedman_decor_peaks_small
D:9:      layout_stronghold, mainiacjoe_overflow_catch_the_wave,
          amcnicky_altar_gilded
D:10:     layout_stronghold, grunt_temple_overflow_opulence, bloody_trog,
          mainiacjoe_overflow_large_starburst,
          kennysheep_orc_monster_closet_entryway, minivault_21
D:11:     layout_loops_ring, due_lair_maze_entry_diamond,
          ploomutoo_gammafunk_ghost_potion_laboratory
D:12:     layout_rooms, minmay_misc_feat_chi, uniq_urug, uniq_sonja, uniq_rupert
D:13:     layout_loops_ring, ximxim_vaults_locker_room, special_room
          [special_room_bee], fiery_altar_vehumet, uniq_maurice
D:14:     layout_irregular_city, amcnicky_mini_rare_corridor_liquid,
          enter_bailey_3, nemelex_lonely_heart_becter
D:15:     grunt_enter_depths_magical_seal, layout_gridville, bh_walls_and_bars
Lair:1:   minmay_lair_oklob_tunnel, layout_regular_city, minivault_26
Lair:2:   layout_regular_city, elwin_shoals_entry_rocks,
          infiniplex_staircase_pool_2, grunt_megastairs_1
Lair:3:   layout_layer_cave, lemuel_old_faithful, serial_bayou_shore_a
Lair:4:   layout_misc_corridors, minmay_snake_entry_spellcaster, uniq_snorg
Lair:5:   layout_cellular_growth, ebering_ghost_disaster_area
Lair:6:   wormcave, layout_long_grid, hangedman_lair_caniforms_friends,
          slime_altar_2, pond
Shoals:1: layout_shoals, ebering_ghost_xom, st_sunken_huts
Orc:1:    layout_caves, basic_altar, mines3_lemuel, uniq_fannar, uniq_erica,
          uniq_erolcha
Orc:2:    st_orc_rangers, layout_diamond_mine, david_defended_altar_orc

Skill      XL: |  1  2  3  4  5  6  7  8  9 10 11 12 13 14 15 |
---------------+----------------------------------------------+-----
Axes           | 4 5 6 8 10 12 14 17 18 | 18.0
Fighting       | 4 5 7 9 10 11 12 14 15 | 15.0
Throwing       | 1 4 5 9 10 | 10.0
Armour         | 5 7 10 12 13 15 | 15.0
Evocations     | 2 5 8 10 | 10.0
Shields        | 4 10 | 10.5
Dodging        | 5 7 |  7.0

Action                   |  1- 3 |  4- 6 |  7- 9 | 10-12 | 13-15 || total
-------------------------+-------+-------+-------+-------+-------++-------
Melee: Hand axe          |    98 |    65 |   256 |   547 |    39 ||  1005
       Headbutt          |    17 |    17 |    53 |   157 |   241 ||   485
       War axe           |       |    51 |       |       |       ||    51
       Mace              |       |       |       |    68 |    46 ||   114
       Broad axe         |       |       |       |       |   844 ||   844
Throw: Dart              |       |     7 |    37 |   150 |   208 ||   402
       Javelin           |       |       |       |       |     5 ||     5
Invok: Trog's Hand       |       |     2 |     1 |     1 |     2 ||     6
       Berserk           |       |       |     4 |     4 |     2 ||    10
Evoke: Wand              |       |       |       |     2 |     1 ||     3
  Use: Scroll            |       |    12 |     4 |     8 |    14 ||    38
       Potion            |       |       |     1 |     1 |     5 ||     7
 Stab: Sleeping          |     1 |       |       |       |       ||     1
       Paralysed         |       |       |       |       |     2 ||     2
       Distracted        |       |       |       |       |     1 ||     1
Armor: Chain mail        |    43 |    54 |    53 |       |       ||   150
       Animal skin       |     2 |       |       |       |       ||     2
       Ring mail         |       |       |    42 |     7 |       ||    49
       Plate armour      |       |       |       |   220 |   392 ||   612
Dodge: Dodged            |    41 |    47 |    81 |   180 |   286 ||   635
Block: Buckler           |       |       |       |   112 |   358 ||   470
       Reflection        |       |       |       |       |    43 ||    43

Table legend: (Time is in decaauts)
 A = Elapsed time spent in this place.
 B = Non-inter-level travel time spent in this place.
 C = Inter-level travel time spent in this place.
 D = Time resting spent in this place.
 E = Time spent auto-exploring this place.
 F = Levels seen in this place.
 G = Mean time per level.
                   A        B        C        D        E       F      G
               +--------+--------+--------+--------+--------+-----+--------+
         Total |  31669 |  29046 |   2623 |   7684 |  14389 |  25 | 1266.8 |
       Dungeon |  18979 |  17580 |   1399 |   4268 |   9329 |  15 | 1265.3 |
          Lair |   9715 |   9362 |    353 |   3239 |   4036 |   6 | 1619.2 |
        Shoals |     43 |     43 |      0 |      0 |      0 |   1 |   43.0 |
  Orcish Mines |   2676 |   1806 |    870 |    175 |    956 |   2 | 1338.0 |
        Bailey |    255 |    255 |      0 |      0 |     68 |   1 |  255.0 |
               +--------+--------+--------+--------+--------+-----+--------+

Top non-repeatable levels by time:
  Lair:1: 2656 daAuts
    D:13: 2382 daAuts
   Orc:2: 2078 daAuts
  Lair:3: 2011 daAuts
     D:8: 1901 daAuts
  Lair:6: 1889 daAuts
     D:5: 1711 daAuts
    D:10: 1482 daAuts
     D:4: 1310 daAuts
     D:1: 1295 daAuts
     D:3: 1293 daAuts
    D:11: 1212 daAuts
     D:9: 1211 daAuts
  Lair:2: 1178 daAuts
  Lair:5: 1008 daAuts
